 Dungeon Crawl Stone Soup version 0.30.2 (webtiles) character file.

Game seed: 6800278803735003965

45595 porpoise the Spear-Bearer (level 14, -15/108 HPs)
             Began as a Demonspawn Gladiator on Mar 29, 2024.
             Was the Champion of Fedhas.
             Demolished by an orc warlord
             ... wielding a +2 war axe
              (31 damage)
             ... on level 10 of the Dungeon.
             The game lasted 01:02:54 (21392 turns).

porpoise the Spear-Bearer (Demonspawn Gladiator)   Turns: 21392, Time: 01:02:55

Health: -15/108    AC: 16    Str: 20    XL:     14   Next: 1%
Magic:  24/24      EV: 13    Int: 10    God:    Fedhas [******]
Gold:   1040       SH:  9    Dex: 14    Spells: 8/13 levels left

rFire   . . .        a - +1 demon trident (venom)
rCold   . . .        k - +2 buckler
rNeg    . . .        V - +2 swamp dragon scales
rPois   +            W - +2 hat {Will+}
rElec   .            e - +1 cloak {rPois}
rCorr   .            (no gloves)
SInv    .            (no boots)
Will    ++++.        (no amulet)
Stlth   +            q - ring of willpower
HPRegen 0.38/turn    N - ring of willpower
MPRegen 0.19/turn

%: no passive effects
@: studying Shields
A: hooves 2, ignite blood 2, spiny 2, sharp scales 1
a: Renounce Religion, Wall of Briars, Grow Ballistomycete, Overgrow, Grow Oklob


You were on level 10 of the Dungeon.
You worshipped Fedhas.
Fedhas was exalted by your worship.
You visited 3 branches of the dungeon, and saw 16 of its levels.

You collected 1040 gold pieces.

Inventory:

Hand Weapons
 a - a +1 demon trident of venom (weapon)
 b - a +0 sling
Missiles
 d - 3 throwing nets (quivered)
 D - 6 atropa-tipped darts
Armour
 e - a +1 cloak of poison resistance (worn)
 k - a +2 buckler (worn)
 V - +2 swamp dragon scales (worn)
 W - a +2 hat of willpower (worn)
Jewellery
 q - a ring of willpower (left hand)
 u - a ring of see invisible
 N - a ring of willpower (right hand)
Wands
 m - a wand of iceblast (7)
 w - a wand of polymorph (3)
 B - a wand of charming (12)
 Q - a wand of flame (28)
 Y - a wand of light (3)
Scrolls
 j - a scroll of poison
 n - 3 scrolls of teleportation
 s - 3 scrolls of fear
 C - a scroll of blinking
 G - a scroll of fog
 O - 2 scrolls of summoning
 R - 2 scrolls of vulnerability
Potions
 f - 2 potions of invisibility
 l - 6 potions of curing
 r - 4 potions of haste
 t - a potion of resistance
 v - 2 potions of heal wounds
 x - a potion of cancellation
 z - 5 potions of attraction
 U - 3 potions of might


   Skills:
 - Level 9.0 Fighting
 - Level 14.0 Polearms
 - Level 1.7 Throwing
 - Level 7.0 Armour
 + Level 6.3 Dodging
 * Level 11.7 Shields
 - Level 14.0 Invocations
 + Level 3.4 Evocations


You had 8 spell levels left.
You knew the following spells:

 Your Spells              Type           Power      Damage    Failure   Level
v - Summon Mana Viper     Hex/Summ       0%         N/A       100%        5

Your spell library contained the following spells:

 Spells                   Type           Power      Damage    Failure   Level
 Foxfire                  Conj/Fire      0%         2x1d4     56%         1
 Kiss of Death            Conj/Necr      0%         2d5       56%         1
 Necrotise                Necr           0%         1d4       56%         1
 Poisonous Vapours        Pois/Air       0%         N/A       71%         2
 Call Canine Familiar     Summ           0%         N/A       90%         3
 Confusing Touch          Hex            0%         N/A       90%         3
 Mephitic Cloud           Conj/Pois/Air  0%         N/A       90%         3
 Ozocubu's Armour         Ice            0%         N/A       90%         3
 Portal Projectile        Hex/Tloc       0%         N/A       90%         3
 Vampiric Draining        Necr           0%         2d6       90%         3
 Anguish                  Hex/Necr       0%         N/A       100%        4
 Animate Dead             Necr           0%         N/A       100%        4
 Cause Fear               Hex            0%         N/A       100%        4
 Dispel Undead            Necr           0%         3d6       100%        4
 Leda's Liquefaction      Hex/Erth       0%         N/A       100%        4
 Agony                    Necr           0%         N/A       100%        5
 Borgnjor's Vile Clutch   Necr/Erth      0%         N/A       100%        5
 Fireball                 Conj/Fire      0%         3d3       100%        5
 Freezing Cloud           Conj/Ice/Air   0%         6-21      100%        5
 Summon Forest            Summ/Tloc      0%         N/A       100%        5
 Death Channel            Necr           0%         N/A       100%        6
 Plasma Beam              Fire/Air       0%         2x1d11    100%        6
 Starburst                Conj/Fire      0%         6d3       100%        6
 Summon Cactus Giant      Summ           0%         N/A       100%        6
 Enfeeble                 Hex            0%         N/A       100%        7
 Ozocubu's Refrigeration  Ice            0%         4d7       100%        7


Dungeon Overview and Level Annotations

Branches:
Dungeon (10/15)            Temple (0/1) D:7            Lair (5/5) D:9
 Shoals (0/4) Lair:3       Spider (0/4) Lair:3        Slime (0/5) Lair:4
    Orc (1/2) D:10

Altars:
Ashenzari
Fedhas
Gozag
Hepliaklqana
Makhleb
Qazlal
Sif Muna
Uskayaw
Wu Jian
Xom

Portals:
Hell: Lair:5
Trove: D:10 (give 12 potions of heal wounds)


Innate Abilities, Weirdness & Mutations

You have hoof-like feet.
Your demonic aura often causes spilled blood to erupt in flames.
You are mostly covered in sharp spines.
You are partially covered in razor-sharp scales. (AC +1, Slay +1)


Message History

The orc knight is struck by your spines.
The orc knight hits you with a +1 war axe!!
You climb upwards.
Welcome back to the Dungeon!
There is a staircase to the Orcish Mines, spattered with blood here.
You puncture the orc knight!
The orc knight is poisoned.
Your kick misses the orc knight.
The orc knight is severely wounded.
Unknown command.
You puncture the orc knight!
The orc knight looks as sick as possible!
You kick the orc knight.
The orc knight is almost dead.
The warg is engulfed in blazing flames.
The warg bites you but does no damage.
The orc knight is engulfed in blazing flames.
The orc knight hits you with a +1 war axe.
You block the orc's attack.
The orc warlord hits you with a +2 war axe!
You puncture the orc knight!
You kill the orc knight!
Fedhas appreciates your contribution to the ecosystem.
The warg is engulfed in blazing flames.
You kill the warg!
Fedhas appreciates your contribution to the ecosystem.
You have reached level 14!
Your demonic ancestry asserts itself...
Sharp spines emerge from more of your body.
You hit the orc warlord but do no damage.
The orc warlord is poisoned.
You kick the orc warlord, but do no damage.
The orc warlord is lightly wounded.
The orc is struck by your spines. The orc hits you but does no damage.
The orc warlord hits you with a +2 war axe!!
* * * LOW HITPOINT WARNING * * *
You completely miss the orc warlord.
You kick the orc warlord, but do no damage.
The orc warlord is lightly wounded.
You block the orc's attack.
The orc warlord hits you with a +2 war axe!!
You die...
Fedhas appreciates your contribution to the ecosystem.

.##.............#.#
.........)......#.#
.#####..####......#
#.###.#...##......##
.#.#.#.#..####.....####
#.#.#.##..#.....8.....#
##...###..#...........##
#.#.#.##.......o§[.....##
.#.#.#.#...8...☼@)...8..#
#.###.#........☼)o......#
.#####..#.#....○○.....#.#######
........#.#.....8.....#.......#
#####...#.####..)..##########.#
###.#..<#.##.### #.#
#.###.#.##[####### #.#
#.#...#..)..[[...# #.#
#.#.############.######.#


You could see an orc warlord (strong, very poisoned) and an orc (strong).

Vanquished Creatures
  Gastronok (Lair:1)
  A catoblepas (Lair:4)
  6 hydras
  3 two-headed ogres
  A boulder beetle (Lair:4)
  Urug (Lair:4)
  A skyshark (Lair:5)
  A sixfirhy (Lair:5)
  A wizard (Lair:5)
  An orc knight (D:10)
  An elephant (Lair:5)
  3 black mambas
  2 orange demons (Lair:5)
  Maggie (D:9)
  A smoke demon (Lair:5)
  16 cane toads
  8 komodo dragons
  5 rime drakes (Lair:5)
  A kobold demonologist (D:9)
  2 red devils (Lair:5)
  6 trolls
  11 blink frogs
  Prince Ribbit (D:9)
  A snapping turtle (Lair:3)
  6 polar bears
  4 dream sheep (Lair:5)
  4 wyverns
  2 basilisks
  3 wraiths
  A redback (Lair:3)
  49 yaks
  A vampire mosquito (D:10)
  Menkaure (D:6)
  2 steam dragons
  3 wargs (D:10)
  An acid dragon (D:10)
  4 hell hounds (Lair:5)
  21 water moccasins
  4 sky beasts
  An ice beast (D:5)
  5 orc warriors
  7 centaurs
  3 black bears
  2 ogres (D:5)
  16 wolves
  2 phantoms
  13 bullfrogs
  4 kobold brigands
  Blork the orc (D:6)
  3 scorpions
  5 wights
  9 killer bees
  2 howler monkeys
  5 hounds
  4 orc priests
  A gnoll bouda (D:10)
  4 iguanas
  13 orc wizards
  4 adders
  8 gnolls
  A river rat (D:4)
  A shadow imp (D:5)
  2 white imps (D:6)
  3 worms
  A dart slug (D:1)
  28 orcs
  15 bats
  5 endoplasms
  2 giant cockroaches (D:1)
  3 goblins
  10 hobgoblins
  11 jackals
  6 quokkas
  10 ball pythons
  4 frilled lizards
  22 kobolds
  10 rats
  A spectral hobgoblin (D:8)
429 creatures vanquished.

Vanquished Creatures (collateral kills)
  A cane toad (Lair:4)
  A blink frog (Lair:4)
2 creatures vanquished.

Grand Total: 431 creatures vanquished

Notes
Turn   | Place    | Note
-------+----------+-------------------------------------------
     0 | D:1      | porpoise the Demonspawn Gladiator began the quest for the
                  | Orb.
     0 | D:1      | Reached XP level 1. HP: 16/16 MP: 1/1
   106 | D:1      | Gained mutation: You are partially covered in razor-sharp
                  | scales. (AC +1, Slay +1) [demonic ancestry]
   106 | D:1      | Reached XP level 2. HP: 21/22 MP: 2/2
   376 | D:1      | Gained mutation: Your demonic aura sometimes causes spilled
                  | blood to erupt in flames. [demonic ancestry]
   376 | D:1      | Reached XP level 3. HP: 28/28 MP: 3/3
  1200 | D:2      | Found a broken altar of Ashenzari.
  1208 | D:2      | Found a faded altar of an unknown god.
  1452 | D:2      | Reached XP level 4. HP: 34/34 MP: 4/4
  2054 | D:3      | Gained mutation: You are partially covered in sharp spines.
                  | [demonic ancestry]
  2054 | D:3      | Reached XP level 5. HP: 3/41 MP: 5/5
  3067 | D:4      | Reached skill level 5 in Polearms
  3321 | D:4      | Gained mutation: Your demonic aura often causes spilled
                  | blood to erupt in flames. [demonic ancestry]
  3321 | D:4      | Reached XP level 6. HP: 26/48 MP: 6/6
  3416 | D:4      | Identified the +0 plate armour of the Stained Elephant
                  | {-Tele Rampage Regen+ MP+9}
  3859 | D:4      | Found a shimmering altar of Xom.
  3862 | D:4      | Found a burning altar of Makhleb.
  3869 | D:4      | Found a blossoming altar of Fedhas.
  3872 | D:4      | Found a broken altar of Ashenzari.
  3875 | D:4      | Became a worshipper of Fedhas Madash
  3877 | D:4      | Found a shimmering blue altar of Sif Muna.
  3978 | D:5      | Entered Level 5 of the Dungeon
  4016 | D:5      | Noticed an ice beast
  4027 | D:5      | Killed an ice beast
  4028 | D:5      | Reached skill level 1 in Invocations
  4327 | D:5      | Reached XP level 7. HP: 46/55 MP: 8/8
  4475 | D:5      | Reached skill level 5 in Fighting
  4488 | D:5      | Reached XP level 8. HP: 23/62 MP: 9/11
  4621 | D:5      | Found a shimmering blue altar of Sif Muna.
  5197 | D:6      | You fall into a shaft and drop 1 floor!
  5211 | D:7      | Reached skill level 5 in Invocations
  5383 | D:6      | Found an ornate altar of the Wu Jian Council.
  5409 | D:6      | Reached * piety under Fedhas
  5733 | D:6      | Noticed Menkaure
  5739 | D:6      | Killed Menkaure
  5912 | D:6      | Noticed Blork the orc
  5924 | D:6      | Killed Blork the orc
  6406 | D:7      | Gained mutation: You have large cloven feet. [demonic
                  | ancestry]
  6406 | D:7      | Reached XP level 9. HP: 59/71 MP: 13/13
  6574 | D:7      | Found a staircase to the Ecumenical Temple.
  6617 | D:7      | Reached ** piety under Fedhas
  7169 | D:7      | Found the +6 shillelagh "Devastator" {shatter}
  7229 | D:7      | Reached skill level 10 in Polearms
  7530 | D:8      | Reached XP level 10. HP: 79/79 MP: 16/16
  7787 | D:8      | Found a hazy altar of Hepliaklqana.
  7791 | D:8      | Reached *** piety under Fedhas
  7819 | D:8      | Noticed a two-headed ogre
  7826 | D:8      | Killed a two-headed ogre
  7921 | D:8      | Identified the +2 leather armour "Sedat" {rC+}
  8274 | D:9      | Noticed a rust devil
  8280 | D:9      | Reached skill level 10 in Invocations
  8298 | D:9      | Found a staircase to the Lair.
  8744 | D:9      | Found a hide-covered altar of Uskayaw.
  8981 | D:9      | Found an opulent altar of Gozag.
  8981 | D:9      | Found a stormy altar of Qazlal.
  9145 | D:9      | Reached XP level 11. HP: 60/84 MP: 18/18
  9362 | D:9      | Noticed Maggie
  9367 | D:9      | Killed Maggie
  9527 | D:9      | Noticed Prince Ribbit
  9543 | D:9      | Killed Prince Ribbit
  9544 | D:9      | Reached skill level 5 in Dodging
  9810 | D:10     | Entered Level 10 of the Dungeon
  9834 | D:10     | Reached **** piety under Fedhas
  9893 | D:10     | Reached skill level 1 in Armour
  9893 | D:10     | Reached skill level 1 in Shields
  9950 | D:10     | Found a staircase to the Orcish Mines.
 10108 | D:10     | Noticed a two-headed ogre
 10121 | D:10     | Killed a two-headed ogre
 11107 | D:10     | Found a portal to a secret trove of treasure.
 11142 | D:10     | Noticed a two-headed ogre
 11157 | D:10     | Killed a two-headed ogre
 11469 | Lair:1   | Entered Level 1 of the Lair of Beasts
 12113 | Lair:1   | Reached ***** piety under Fedhas
 12229 | Lair:1   | Reached XP level 12. HP: 66/91 MP: 21/21
 12428 | Lair:1   | Noticed Gastronok
 12443 | Lair:1   | Killed Gastronok
 12588 | Lair:1   | Identified a scroll of acquirement
 12588 | Lair:1   | Acquired a manual of Shields
 13607 | Lair:2   | Reached skill level 5 in Shields
 14580 | Lair:3   | Reached skill level 5 in Armour
 14762 | Lair:3   | Noticed a four-headed hydra
 14771 | Lair:3   | Killed a four-headed hydra
 14895 | Lair:3   | Found a hole to the Spider Nest.
 16565 | Lair:3   | Found a staircase to the Shoals.
 16967 | Lair:4   | Noticed Urug
 16974 | Lair:4   | Gained mutation: You have hoof-like feet. [demonic
                  | ancestry]
 16974 | Lair:4   | Reached XP level 13. HP: 63/98 MP: 22/22
 17173 | Lair:4   | Found a staircase to the Slime Pits.
 17544 | Lair:4   | Killed Urug
 18217 | Lair:4   | Learned a level 5 spell: Summon Mana Viper
 18225 | Lair:5   | Entered Level 5 of the Lair of Beasts
 18746 | Lair:5   | Reached ****** piety under Fedhas
 19023 | Lair:5   | Reached skill level 1 in Evocations
 19048 | Lair:5   | Reached skill level 10 in Shields
 20140 | Lair:5   | Found a burning altar of Makhleb.
 20946 | Lair:5   | Found a gateway to Hell.
 21202 | Orc:1    | Entered Level 1 of the Orcish Mines
 21202 | Orc:1    | Noticed an orc warlord
 21391 | D:10     | Gained mutation: You are mostly covered in sharp spines.
                  | [demonic ancestry]
 21391 | D:10     | Reached XP level 14. HP: 41/108 MP: 24/24
 21392 | D:10     | Demolished by an orc warlord

Illustrated notes

Levels and vault maps discovered:
D:1:      dpeg_arrival_three_bigger_balls, layout_basic
D:2:      layout_loops_ring, basic_altar, ebering_ecumenical_altar_rust
D:3:      layout_loops_ring
D:4:      layout_cave_pods, nicolae_overflow_hallway_of_the_gods,
          portal_sewer_entry_c, minmay_misc_feat_square, kennysheep_nondescript
D:5:      layout_gridville, minmay_ruined_shrine
D:6:      layout_basic, nzn_wu_jian_council_hall, roderic_batcave,
          uniq_menkaure, uniq_blork_the_orc
D:7:      layout_rooms, minmay_temple_entry_mini_moons
D:8:      layout_cave_pools, nicolae_hepliaklqana_monster_ancestors
D:9:      layout_loops_corners, lemuel_coloured_pillars_altar,
          gammafunk_temple_overflow_pools, due_lair_maze_entry_diamond,
          uniq_prince_ribbit1, uniq_maggie
D:10:     layout_basic, nicolae_tso_swordbearing_angel, david_orc_2,
          nicolae_trove_entry_crossroad, minmay_circle_x
Lair:1:   layout_cave_shapes, wad_woods_06, beast_lair_carwin_1, uniq_gastronok
Lair:2:   beast_lair_carwin_large_2, layout_regular_city,
          infiniplex_staircase_pool_2, grunt_megastairs_5, serial_bayou_shore_b
Lair:3:   layout_layer_cave, minmay_shoals_entry_hut, spider_nest_entry_rubble,
          lemuel_old_faithful
Lair:4:   layout_hall_layers, slime_entry_1, uniq_urug
Lair:5:   evil_forest, layout_loops_ring, dreamdust_mushroom_princess,
          chequers_serial_rivers_micro_d, nicolae_lair_lil_pond,
          serial_bayou_shore_b
Orc:1:    layout_diamond_mine, nicolae_shop_overcharged_wands

Skill      XL: |  1  2  3  4  5  6  7  8  9 10 11 12 13 |
---------------+----------------------------------------+-----
Polearms       | 3 4 5 6 7 8 10 11 13 14 | 14.0
Fighting       | 3 4 5 6 7 9 |  9.0
Invocations    | 2 4 6 8 10 12 13 14 | 14.0
Dodging        | 4 5 6 |  6.3
Armour         | 3 6 7 |  7.0
Shields        | 3 7 11 | 11.7
Evocations     | 3 |  3.4
Throwing       | |  1.7

Action                     |  1- 3 |  4- 6 |  7- 9 | 10-12 | 13-15 || total
---------------------------+-------+-------+-------+-------+-------++-------
  Melee: Trident           |   147 |   137 |   203 |   710 |   245 ||  1442
         Punch             |       |     2 |     3 |       |       ||     5
         Kick              |       |       |    21 |   229 |    85 ||   335
         Shillelagh        |       |       |    16 |       |       ||    16
         Demon trident     |       |       |       |       |    22 ||    22
   Fire: Sling             |       |       |       |     4 |     4 ||     8
  Throw: Throwing net      |       |       |       |     1 |       ||     1
 Invoke: Wall of Briars    |       |       |       |       |     1 ||     1
         Grow Oklob        |       |       |       |       |     1 ||     1
  Evoke: Wand              |       |       |       |     3 |     8 ||    11
    Use: Scroll            |       |     8 |     3 |    19 |     5 ||    35
         Potion            |       |       |       |     1 |     3 ||     4
   Stab: Held in net/web   |       |       |       |     1 |       ||     1
 Armour: Leather armour    |     7 |       |       |       |       ||     7
         Ring mail         |    26 |    33 |    60 |       |       ||   119
         Chain mail        |       |       |    36 |    66 |       ||   102
         Swamp dragon scal |       |       |       |    73 |   113 ||   186
  Dodge: Dodged            |    58 |    48 |    93 |   197 |   137 ||   533
  Block: Buckler           |       |       |       |    81 |    99 ||   180
